 Dungeon Crawl Stone Soup version 0.26-a0-113-gd8a95b691d (webtiles) character file.

Game seed: 8015030616301277605

176 Gargoyl the Skirmisher (level 5, -1/46 HPs)
             Began as a Centaur Abyssal Knight on June 27, 2020.
             Was a Believer of Lugonu.
             Killed by nerve-wracking pain
             ... invoked by Grinder
              (6 damage)
             ... on level 3 of the Dungeon.
             The game lasted 00:05:02 (2963 turns).

Gargoyl the Skirmisher (Centaur Abyssal Knight)     Turns: 2963, Time: 00:05:03

Health: -1/46      AC:  6    Str: 15    XL:     5   Next: 30%
Magic:  7/7        EV:  8    Int: 11    God:    Lugonu [**....]
Gold:   182        SH:  5    Dex:  9    Spells: 4/4 levels left

rFire    + . .     SeeInvis .   o - +1 hand axe (elec)
rCold    + . .     Faith    .   (no shield)
rNeg     . . .     Spirit   .   e - +0 ring mail (curse)
rPois    +         Reflect  +   (no helmet)
rElec    +         Harm     .   (no cloak)
rCorr    +                      (no gloves)
MR       .....                  (no barding)
Stlth    ..........             q - amulet of reflection
HPRegen  0.15/turn              (no ring)
MPRegen  0.10/turn              (no ring)

@: resistant, berserk cooldown, slowed
A: large, hooves 3, [blurry vision 2], deformed body, speed 2, [screaming 1],
tough skin 3
a: Depart the Abyss, Bend Space, Renounce Religion


You were on level 3 of the Dungeon.
You worshipped Lugonu.
Lugonu was pleased with you.
You were not hungry.

You visited 1 branch of the dungeon, and saw 3 of its levels.
You visited the Abyss 1 time.

You collected 182 gold pieces.

Inventory:

Hand Weapons
 a - a +2 hand axe
 o - a +1 hand axe of electrocution (weapon)
Armour
 b - a +0 leather armour
 d - a cursed +1 plate armour
 e - a cursed +0 ring mail (worn)
Jewellery
 l - an uncursed amulet of guardian spirit
 q - an amulet of reflection (around neck)
Scrolls
 i - a scroll of identify
 j - a scroll of remove curse {unknown}
 p - 3 scrolls of teleportation
 r - a scroll of enchant armour
Potions
 f - a potion of brilliance
 k - a potion of heal wounds {unknown}
 n - a potion of curing
Comestibles
 c - 2 rations
 m - 10 chunks of flesh


   Skills:
 + Level 3.6 Fighting
 + Level 2.8 Axes
 * Level 2.5 Armour
 * Level 1.4 Dodging
 * Level 3.0 Invocations


You had 4 spell levels left.
You didn't know any spells.
Your spell library contained the following spells:

 Spells                   Type           Power        Failure   Level  Hunger
 Animate Skeleton         Necr           N/A          56%         1    ##.....
 Apportation              Tloc           #.....       56%         1    ##.....
 Corona                   Hex            #......      56%         1    ##.....
 Summon Small Mammal      Summ           #...         56%         1    ##.....


Dungeon Overview and Level Annotations

Branches:
Dungeon (3/15)

Altars:
Dithmenos

Annotations:
D:3 Grinder, Robin


Innate Abilities, Weirdness & Mutations

You have hooves in place of feet.
Armour fits poorly on your strangely shaped body.
You cover ground very quickly.
You have extremely tough skin. (AC +3)
[Scrolls take you longer to read.]
[You occasionally shout uncontrollably at your foes.]


Message History

Grinder is almost dead.
Grinder gestures at you. Pain shoots through your body!
* * * LOW HITPOINT WARNING * * *
You slash Grinder!
Grinder is almost dead.
Grinder blinks!
You feel a strong urge to attack something.
You feel your anger nearly subside.
You are no longer berserk.
You pass out from exhaustion.
You feel yourself slow down. Grinder gestures at you.
Pain shoots through your body!
* * * LOW HITPOINT WARNING * * *
You can move again.
It was a potion of resistance.
You feel protected. Grinder gestures at you. Pain shoots through your body!
You die...

#...............≈
#########.#.##≈≈
#.≈.### #.≈≈..#
#.≈#..# #.###.#
#.# #.# #.# #.#
#.# #@# #.# #.#
#.# #.# #.# #5#
#.# #(# #.# #.#
#.# #.# #.###.#
#..##.#


You could see Grinder.

Vanquished Creatures
  Jessica (D:2)
  Terence (D:1)
  5 adders (D:2)
  An ooze (D:1)
  A worm (D:3)
  5 dart slugs
  2 leopard geckos
  2 giant cockroaches (D:2)
  15 goblins
  11 hobgoblins
  A quokka (D:3)
  2 ball pythons (D:1)
  6 bats
  A frilled lizard (D:2)
  3 kobolds
  9 rats
66 creatures vanquished.

Notes
Turn   | Place    | Note
-------+----------+-------------------------------------------
     0 | Abyss:1  | Gargoyl the Centaur Abyssal Knight began the quest for the
                  | Orb.
     0 | Abyss:1  | Reached XP level 1. HP: 19/19 MP: 2/2
    12 | Abyss:2  | Found a corrupted altar of Lugonu.
    76 | Abyss:2  | Noticed a fire bat
   109 | Abyss:2  | Noticed a wretched star
   130 | D:1      | Escaped the Abyss
   403 | D:1      | Reached * piety under Lugonu
   407 | D:1      | Reached XP level 2. HP: 22/26 MP: 3/3
   846 | D:1      | Reached XP level 3. HP: 26/31 MP: 4/4
  1450 | D:2      | Noticed Terence
  1474 | D:1      | Killed Terence
  1474 | D:1      | Reached skill level 1 in Dodging
  1602 | D:2      | Reached XP level 4. HP: 35/38 MP: 5/5
  1722 | D:2      | Reached ** piety under Lugonu
  1751 | D:2      | Noticed Jessica
  1764 | D:2      | Killed Jessica
  1968 | D:2      | Reached XP level 5. HP: 27/46 MP: 4/7
  2162 | D:2      | Found a shadowy altar of Dithmenos.
  2838 | D:3      | Noticed Robin
  2942 | D:3      | Noticed Grinder
  2963 | D:3      | Killed from afar by Grinder

Illustrated notes

Levels and vault maps discovered:
D:1:      dpeg_arrival_pits, layout_basic
D:2:      layout_loops_ring, grunt_dithmenos_smoke_and_mirrors, uniq_terence,
          uniq_jessica
D:3:      layout_rooms, first_ration, chequers_serial_rivers_small_b,
          uniq_robin, uniq_grinder

Skill      XL: |  1  2  3  4  5 |
---------------+----------------+-----
Axes           | 2 |  2.8
Armour         | 2 |  2.5
Dodging        | 1 |  1.4
Invocations    | 3 |  3.0
Fighting       | |  3.6

Action                   |  1- 3 |  4- 6 || total
-------------------------+-------+-------++-------
Melee: Hand axe          |   120 |    92 ||   212
       Kick              |    21 |    16 ||    37
Invok: Depart the Abyss  |     1 |       ||     1
  Use: Scroll            |     2 |     3 ||     5
       Potion            |     1 |     2 ||     3
  Eat: Chunk             |     1 |     4 ||     5
Armor: Skin              |    14 |       ||    14
       Ring mail         |    47 |    36 ||    83
Dodge: Dodged            |    59 |    42 ||   101

Table legend:
 A = Non-vault XP
 B = Vault XP
 C = Vault XP percentage of total XP
 D = Non-vault monster count
 E = Vault monster count
 F = Vault count percentage of total count
                 A         B        C        D         E       F
            +---------+---------+-------+---------+---------+-------
      Total |     177 |      75 |  29.8 |      61 |       5 |   7.6
            +---------+---------+-------+---------+---------+-------
        D:1 |      56 |      32 |  36.4 |      26 |       1 |   3.7
        D:2 |     103 |      37 |  26.4 |      27 |       1 |   3.6
        D:3 |      18 |       6 |  25.0 |       8 |       3 |  27.3
            +---------+---------+-------+---------+---------+-------
